General information
			
			
        
        - name: BNet
 
        - type: Ladder team game (AT/RT)
 
        - host: Battle.net
 
        - saver: HoneyBlunt
 
        
map: RiceFields 
        - players: 6
 
        - length: 36:05
 
        - speed: Fast
 - version: 1.22 W3XP
 - replay type:  Public
 
» download(250 KB)
Players
        team 1 (loser) 
              
              
DumbNigs (
teal | 42 APM | 848 actions | 20:06)
              
 4 Blademaster 
 2 Wind Walk
 2 Critical Strike
 
                » actions 
                
                | Assign group hotkey | 7 |  | 
| Basic commands | 5 |  | 
| Build / train | 55 |  | 
| Enter build submenu | 29 |  | 
| Enter hero's abilities submenu | 4 |  | 
| Give item / drop item | 2 |  | 
| Right click | 393 |  | 
| Select / deselect | 172 |  | 
| Select group hotkey | 121 |  | 
| Use ability | 60 |  | 
                848 total
 » units 
                » upgrades
                
                | Reinforced Defenses | 1 |  | 
| Liquid Fire | 1 |  | 
| Ranged Weapons | 3 |  | 
| Armor | 1 |  | 
                6 total
 » buildings
                
                | Altar of Storms | 1 |  | 
| Orc Burrow | 7 |  | 
| War Mill | 1 |  | 
| Voodoo Lounge | 1 |  | 
| Watch Tower | 12 |  | 
| Stronghold | 1 |  | 
| Fortress | 1 |  | 
| Beastiary | 3 |  | 
| Great Hall | 2 |  | 
                29 total
 » build order
                00:16 Altar of Storms
00:19 Orc Burrow
00:52 War Mill
01:52 Orc Burrow
02:17 Voodoo Lounge
02:20 Watch Tower
02:41 Watch Tower
03:12 Watch Tower
03:15 Watch Tower
04:35 Stronghold
04:37 Watch Tower
04:39 Watch Tower
05:19 Watch Tower
05:21 Watch Tower
06:15 Watch Tower
06:18 Watch Tower
07:00 Fortress
07:07 Beastiary
07:44 Beastiary
07:47 Beastiary
07:51 Orc Burrow
07:52 Orc Burrow
07:56 Orc Burrow
08:25 Watch Tower
08:37 Watch Tower
10:41 Great Hall
11:27 Great Hall
13:03 Orc Burrow
13:03 Orc Burrow
» items
                
                | Healing Salve | 3 |  | 
| Lesser Clarity Potion | 1 |  | 
| Orb of Lightning | 1 |  | 
| Scroll of Town Portal | 1 |  | 
                6 total
  
               
              
              
» 
FFA_NINE (
pink | 97 APM | 3425 actions | 35:15)
              
 7 Blood Mage 
 3 Flame Strike
 3 Siphon Mana
 1 Summon Phoenix
 
                » actions 
                
                | Assign group hotkey | 442 |  | 
| Basic commands | 18 |  | 
| Build / train | 131 |  | 
| Enter build submenu | 72 |  | 
| Enter hero's abilities submenu | 7 |  | 
| Give item / drop item | 11 |  | 
| Right click | 1201 |  | 
| Select / deselect | 606 |  | 
| Select group hotkey | 749 |  | 
| Use ability | 187 |  | 
                3425 total
 » units 
                
                | Peasant | 20 |  | 
| Gryphon Rider | 7 |  | 
| Sorceress | 1 |  | 
| Flying Machine | 20 |  | 
                48 total
 » upgrades
                
                | Masonry | 3 |  | 
| Lumber Harvesting | 3 |  | 
| Swords | 3 |  | 
| Storm Hammers | 1 |  | 
| Armor | 3 |  | 
| Animal War Training | 1 |  | 
| Sorceress Training | 1 |  | 
| Gunpowder | 1 |  | 
| Flak Cannons | 1 |  | 
                17 total
 » buildings
                
                | Altar of Kings | 1 |  | 
| Farm | 14 |  | 
| Lumber Mill | 2 |  | 
| Scout Tower | 36 |  | 
| Arcane Vault | 1 |  | 
| Guard Tower | 20 |  | 
| Town Hall | 2 |  | 
| Keep | 1 |  | 
| Castle | 1 |  | 
| Arcane Sanctum | 2 |  | 
| Blacksmith | 1 |  | 
| Gryphon Aviary | 4 |  | 
| Barracks | 1 |  | 
| Workshop | 3 |  | 
                89 total
 » build order
                00:08 Altar of Kings
00:22 Farm
00:40 Lumber Mill
01:05 Farm
01:33 Scout Tower
01:34 Scout Tower
01:47 Scout Tower
01:59 Arcane Vault
02:02 Guard Tower
02:18 Scout Tower
02:40 Scout Tower
02:42 Scout Tower
03:07 Guard Tower
03:10 Guard Tower
03:20 Guard Tower
03:48 Guard Tower
03:51 Scout Tower
03:53 Scout Tower
03:54 Scout Tower
03:56 Scout Tower
05:04 Guard Tower
05:07 Farm
05:11 Scout Tower
05:12 Scout Tower
05:13 Scout Tower
05:15 Scout Tower
05:16 Scout Tower
05:18 Scout Tower
05:20 Scout Tower
05:21 Scout Tower
05:41 Guard Tower
05:47 Guard Tower
05:52 Guard Tower
06:10 Guard Tower
06:21 Scout Tower
06:23 Scout Tower
06:24 Guard Tower
06:33 Guard Tower
06:44 Scout Tower
06:45 Scout Tower
06:50 Guard Tower
06:51 Guard Tower
07:20 Town Hall
07:27 Town Hall
07:45 Keep
08:11 Lumber Mill
09:00 Scout Tower
09:02 Scout Tower
09:07 Guard Tower
09:12 Scout Tower
09:13 Scout Tower
09:14 Scout Tower
09:16 Scout Tower
09:38 Guard Tower
10:03 Guard Tower
11:01 Castle
11:33 Scout Tower
11:34 Scout Tower
11:37 Scout Tower
11:38 Scout Tower
11:40 Scout Tower
11:42 Scout Tower
11:44 Scout Tower
11:46 Scout Tower
11:51 Arcane Sanctum
12:10 Guard Tower
12:43 Guard Tower
12:45 Guard Tower
12:50 Blacksmith
13:18 Gryphon Aviary
13:19 Gryphon Aviary
13:21 Gryphon Aviary
13:28 Gryphon Aviary
14:08 Farm
14:10 Farm
14:13 Farm
14:20 Farm
14:26 Barracks
16:17 Arcane Sanctum
17:13 Farm
17:14 Farm
25:28 Workshop
25:30 Workshop
25:34 Workshop
25:52 Farm
25:53 Farm
26:29 Farm
26:42 Farm
26:44 Farm
» items
                
                | Scroll of Regeneration | 9 |  | 
| Lesser Clarity Potion | 7 |  | 
| Potion of Mana | 4 |  | 
| Scroll of Town Portal | 7 |  | 
| Potion of Healing | 5 |  | 
                32 total
  
               
              
              
» 
FFA_TWO (
purple | 85 APM | 3054 actions | 36:02)
              
 3 Archmage 
 2 Blizzard
 1 Brilliance Aura
 4 Blademaster 
 1 Wind Walk
 1 Bladestorm
 1 Critical Strike
 1 Mirror Image
 
                » actions 
                
                | Assign group hotkey | 120 |  | 
| Basic commands | 27 |  | 
| Build / train | 88 |  | 
| Enter build submenu | 51 |  | 
| Enter hero's abilities submenu | 7 |  | 
| Give item / drop item | 3 |  | 
| Right click | 1173 |  | 
| Select / deselect | 415 |  | 
| Select group hotkey | 959 |  | 
| Use ability | 211 |  | 
                3054 total
 » units 
                
                | Peasant | 15 |  | 
| Sorceress | 2 |  | 
| Priest | 1 |  | 
| Mortar Team | 4 |  | 
| Wind Rider | 3 |  | 
| Raider | 1 |  | 
| Troll Batrider | 1 |  | 
                27 total
 » upgrades
                
                | Masonry | 2 |  | 
| Lumber Harvesting | 2 |  | 
| Sorceress Training | 2 |  | 
| Magic Sentry | 1 |  | 
| Gunpowder | 1 |  | 
| Fragmentation Shards | 1 |  | 
| Flare | 1 |  | 
| Envenomed Spears | 1 |  | 
| Armor | 1 |  | 
| Shaman Training | 1 |  | 
| Spirit Walker Training | 1 |  | 
                14 total
 » buildings
                
                | Altar of Kings | 5 |  | 
| Farm | 12 |  | 
| Lumber Mill | 2 |  | 
| Scout Tower | 21 |  | 
| Guard Tower | 22 |  | 
| Arcane Vault | 1 |  | 
| Keep | 1 |  | 
| Town Hall | 1 |  | 
| Blacksmith | 1 |  | 
| Arcane Sanctum | 1 |  | 
| Castle | 1 |  | 
| Workshop | 2 |  | 
| Spirit Lodge | 2 |  | 
| Orc Burrow | 3 |  | 
                75 total
 » build order
                00:05 Altar of Kings
00:06 Farm
00:08 Altar of Kings
00:09 Altar of Kings
00:23 Lumber Mill
00:49 Scout Tower
01:04 Scout Tower
01:25 Guard Tower
01:27 Scout Tower
01:49 Guard Tower
01:55 Scout Tower
02:17 Guard Tower
02:22 Farm
02:25 Guard Tower
02:54 Arcane Vault
03:06 Farm
03:11 Scout Tower
03:12 Scout Tower
03:37 Scout Tower
03:44 Guard Tower
03:46 Guard Tower
04:20 Keep
04:21 Guard Tower
05:33 Town Hall
05:36 Scout Tower
05:37 Scout Tower
05:38 Scout Tower
05:39 Scout Tower
05:41 Scout Tower
05:42 Scout Tower
05:43 Scout Tower
05:45 Scout Tower
05:55 Blacksmith
06:00 Scout Tower
06:02 Scout Tower
06:05 Guard Tower
06:05 Guard Tower
06:07 Guard Tower
06:23 Guard Tower
06:37 Guard Tower
07:11 Scout Tower
07:12 Scout Tower
07:13 Scout Tower
07:14 Scout Tower
07:25 Guard Tower
07:29 Arcane Sanctum
07:59 Guard Tower
08:01 Guard Tower
08:20 Guard Tower
08:20 Guard Tower
09:19 Castle
10:34 Workshop
10:35 Workshop
10:49 Farm
10:50 Farm
13:47 Guard Tower
14:18 Farm
14:20 Farm
14:21 Farm
14:23 Farm
14:24 Farm
18:16 Lumber Mill
18:22 Altar of Kings
20:08 Altar of Kings
20:51 Farm
20:51 Farm
23:48 Spirit Lodge
23:49 Spirit Lodge
26:14 Orc Burrow
26:18 Orc Burrow
26:18 Orc Burrow
» items
                
                | Healing Salve | 2 |  | 
| Lesser Clarity Potion | 1 |  | 
| Scroll of Regeneration | 2 |  | 
| Ivory Tower | 3 |  | 
| Potion of Healing | 3 |  | 
| Scroll of Town Portal | 3 |  | 
| Scroll of Speed | 1 |  | 
                15 total
  
               team 2 (winner) 
              
              
ErPf3000 (
red | 112 APM | 4040 actions | 36:03)
              
 6 Death Knight 
 2 Death Coil
 3 Unholy Aura
 1 Animate Dead
 6 Lich 
 3 Frost Nova
 1 Dark Ritual
 1 Frost Armor
 1 Death and Decay
 
                » actions 
                
                | Assign group hotkey | 14 |  | 
| Basic commands | 716 |  | 
| Build / train | 94 |  | 
| ESC pressed | 4 |  | 
| Enter build submenu | 29 |  | 
| Enter hero's abilities submenu | 12 |  | 
| Give item / drop item | 1 |  | 
| Right click | 781 |  | 
| Select / deselect | 891 |  | 
| Select group hotkey | 1396 |  | 
| Use ability | 102 |  | 
                4040 total
 » units 
                
                | Acolyte | 8 |  | 
| Ghoul | 4 |  | 
| Crypt Fiend | 12 |  | 
| Obsidian Statue | 2 |  | 
| Frost Wyrm | 9 |  | 
                35 total
 » upgrades
                
                | Creature Attack | 3 |  | 
| Creature Carapace | 3 |  | 
| Web | 1 |  | 
| Destroyer Form | 1 |  | 
| Freezing Breath | 1 |  | 
                9 total
 » buildings
                
                | Crypt | 1 |  | 
| Graveyard | 1 |  | 
| Ziggurat | 12 |  | 
| Altar of Darkness | 1 |  | 
| Tomb of Relics | 1 |  | 
| Nerubian Tower | 1 |  | 
| Spirit Tower | 6 |  | 
| Halls of the Dead | 4 |  | 
| Slaughterhouse | 2 |  | 
| Black Citadel | 5 |  | 
| Sacrificial Pit | 1 |  | 
| Boneyard | 3 |  | 
| Necropolis | 1 |  | 
                39 total
 » build order
                00:18 Crypt
00:29 Graveyard
00:44 Ziggurat
01:02 Altar of Darkness
01:54 Tomb of Relics
02:07 Ziggurat
02:50 Nerubian Tower
04:10 Ziggurat
04:27 Ziggurat
05:15 Spirit Tower
05:44 Spirit Tower
05:45 Spirit Tower
06:51 Halls of the Dead
06:51 Halls of the Dead
07:04 Ziggurat
08:01 Spirit Tower
09:26 Slaughterhouse
09:56 Black Citadel
09:57 Black Citadel
09:57 Black Citadel
10:24 Spirit Tower
10:31 Slaughterhouse
11:41 Sacrificial Pit
12:43 Boneyard
12:50 Boneyard
14:14 Ziggurat
14:17 Ziggurat
15:31 Boneyard
15:44 Ziggurat
16:19 Ziggurat
29:42 Necropolis
33:25 Ziggurat
33:38 Ziggurat
33:39 Ziggurat
» items
                
                | Rod of Necromancy | 2 |  | 
| Sacrificial Skull | 1 |  | 
| Potion of Healing | 1 |  | 
| Dust of Appearance | 1 |  | 
| Scroll of Town Portal | 2 |  | 
| Orb of Corruption | 1 |  | 
| Scroll of Healing | 1 |  | 
                9 total
  
               
              
              
HoneyBlunt (
orange | 60 APM | 2148 actions | 36:05)
              
 5 Tauren Chieftain 
 2 War Stomp
 3 Endurance Aura
 5 Shadow Hunter 
 2 Hex
 3 Healing Wave
 
                » actions 
                
                | Assign group hotkey | 22 |  | 
| Basic commands | 180 |  | 
| Build / train | 93 |  | 
| Enter build submenu | 34 |  | 
| Enter hero's abilities submenu | 10 |  | 
| Remove unit from queue | 18 |  | 
| Right click | 879 |  | 
| Select / deselect | 335 |  | 
| Select group hotkey | 375 |  | 
| Use ability | 202 |  | 
                2148 total
 » units 
                
                | Peon | 20 |  | 
| Grunt | 6 |  | 
| Troll Witch Doctor | 16 |  | 
| Troll Headhunter/Berserker | 2 |  | 
| Demolisher | 3 |  | 
| Troll Batrider | -11 |  | 
| Kodo Beast | 1 |  | 
                37 total
 » upgrades
                
                | Witch Doctor Training | 2 |  | 
| Reinforced Defenses | 1 |  | 
| Armor | 3 |  | 
| Ranged Weapons | 3 |  | 
| Melee Weapons | 3 |  | 
| Berserker Upgrade | 1 |  | 
| Troll Regeneration | 1 |  | 
| Liquid Fire | 1 |  | 
| War Drums Damage Increase | 1 |  | 
| Spiked Barricades | 2 |  | 
| Burning Oil | 1 |  | 
| Spirit Walker Training | 1 |  | 
| Shaman Training | 1 |  | 
                21 total
 » buildings
                
                | Altar of Storms | 1 |  | 
| Orc Burrow | 9 |  | 
| Barracks | 2 |  | 
| Voodoo Lounge | 1 |  | 
| Stronghold | 1 |  | 
| War Mill | 2 |  | 
| Fortress | 1 |  | 
| Spirit Lodge | 1 |  | 
| Watch Tower | 30 |  | 
| Great Hall | 4 |  | 
| Beastiary | 3 |  | 
                55 total
 » build order
                00:15 Altar of Storms
00:19 Orc Burrow
00:34 Barracks
01:35 Orc Burrow
01:58 Voodoo Lounge
03:10 Stronghold
03:22 Orc Burrow
03:57 War Mill
06:14 Fortress
06:19 Spirit Lodge
07:26 Watch Tower
07:45 Watch Tower
07:52 Watch Tower
07:52 Watch Tower
07:57 Watch Tower
07:57 Watch Tower
07:58 Watch Tower
07:59 Watch Tower
08:44 Great Hall
09:25 Watch Tower
09:33 Orc Burrow
10:31 Watch Tower
12:23 Watch Tower
12:58 Watch Tower
12:58 Watch Tower
12:58 Watch Tower
12:59 Watch Tower
13:00 Watch Tower
13:01 Watch Tower
13:02 Watch Tower
13:32 War Mill
15:25 Watch Tower
15:28 Watch Tower
17:38 Orc Burrow
17:40 Orc Burrow
20:58 Great Hall
21:38 Barracks
21:42 Beastiary
21:45 Beastiary
21:46 Beastiary
25:23 Great Hall
25:58 Watch Tower
26:00 Watch Tower
26:02 Watch Tower
26:03 Watch Tower
26:03 Watch Tower
26:04 Watch Tower
26:06 Watch Tower
26:06 Watch Tower
26:08 Watch Tower
27:50 Orc Burrow
27:51 Orc Burrow
27:52 Orc Burrow
29:39 Great Hall
» items
                
                | Healing Salve | 1 |  | 
| Scroll of Town Portal | 1 |  | 
| Orb of Lightning | 1 |  | 
                3 total
  
               
              
              
learnhuman (
blue | 90 APM | 3244 actions | 36:03)
              
 6 Archmage 
 3 Summon Water Elemental
 2 Brilliance Aura
 1 Mass Teleport
 5 Paladin 
 3 Holy Light
 2 Divine Shield
 
                » actions 
                
                | Assign group hotkey | 41 |  | 
| Basic commands | 102 |  | 
| Build / train | 69 |  | 
| Enter build submenu | 31 |  | 
| Enter hero's abilities submenu | 12 |  | 
| Give item / drop item | 1 |  | 
| Right click | 1240 |  | 
| Select / deselect | 383 |  | 
| Select group hotkey | 1234 |  | 
| Use ability | 131 |  | 
                3244 total
 » units 
                
                | Peasant | 10 |  | 
| Footman | 5 |  | 
| Rifleman | 7 |  | 
| Mortar Team | 14 |  | 
                36 total
 » upgrades
                
                | Gunpowder | 3 |  | 
| Long Rifles | 1 |  | 
| Flare | 1 |  | 
| Fragmentation Shards | 1 |  | 
| Masonry | 3 |  | 
                9 total
 » buildings
                
                | Altar of Kings | 1 |  | 
| Farm | 14 |  | 
| Barracks | 1 |  | 
| Lumber Mill | 1 |  | 
| Scout Tower | 7 |  | 
| Arcane Tower | 4 |  | 
| Guard Tower | 3 |  | 
| Blacksmith | 1 |  | 
| Keep | 3 |  | 
| Arcane Vault | 1 |  | 
| Workshop | 2 |  | 
| Arcane Sanctum | 1 |  | 
| Castle | 1 |  | 
                40 total
 » build order
                00:11 Altar of Kings
00:22 Farm
00:23 Farm
00:36 Barracks
01:08 Lumber Mill
01:23 Scout Tower
01:56 Scout Tower
02:11 Arcane Tower
02:11 Arcane Tower
02:11 Arcane Tower
02:24 Guard Tower
02:43 Blacksmith
02:56 Farm
03:29 Keep
03:29 Keep
03:30 Keep
04:09 Arcane Vault
04:24 Farm
05:29 Farm
06:17 Workshop
06:22 Arcane Sanctum
07:12 Farm
07:51 Workshop
07:57 Farm
08:49 Farm
08:51 Farm
10:05 Farm
10:07 Castle
10:42 Farm
10:44 Farm
13:47 Farm
14:13 Scout Tower
14:17 Scout Tower
14:21 Scout Tower
14:25 Scout Tower
15:10 Guard Tower
16:17 Scout Tower
16:48 Guard Tower
17:46 Farm
 
                Chat log
          (00:14 / All) ErPf3000: 28!
(00:26 / All) DumbNigs: that means we are good
(00:56 / Allies) ErPf3000: me
(00:57 / Allies) ErPf3000: cc
(01:21 / Allies) ErPf3000: human later  lumber  look plz! :P
(01:30 / Allies) ErPf3000: u much  gime plz!  later
(01:32 / Allies) learnhuman: k
(01:37 / Allies) ErPf3000: ok
(02:24 / Allies) ErPf3000: good mort bod..  ^^
(02:58 / Allies) ErPf3000: cheack air!
(03:06 / Allies) learnhuman: we good
(03:08 / Allies) ErPf3000: k
(03:14 / Allies) learnhuman: lets go
(03:15 / Allies) ErPf3000: iten  moment
(05:04 / Allies) HoneyBlunt: or mid?
(05:07 / Allies) ErPf3000: umm
(05:08 / Allies) ErPf3000: k
(06:53 / Allies) HoneyBlunt: MNAS TOWER
(07:09 / Allies) ErPf3000: k
(07:16 / Allies) HoneyBlunt: MIRROR
(07:18 / Allies) HoneyBlunt: MASS TOWER
(08:13 / Allies) ErPf3000: woww!!
(08:15 / Allies) ErPf3000: no
(08:19 / Allies) ErPf3000: mas  mort!
(08:20 / Allies) ErPf3000: later
(08:22 / Allies) ErPf3000: cc
(08:22 / All) FFA_TWO: towers are wonderful
(09:08 / Allies) learnhuman: im mass morts
(09:45 / Allies) HoneyBlunt: MASS EXPO PLZ
(10:43 / Allies) ErPf3000: woww!
(10:49 / Allies) ErPf3000: air!  sure
(11:05 / Allies) learnhuman: get purp
(13:00 / All) ErPf3000: zzz
(13:34 / Allies) ErPf3000: lumber  plz!
(13:34 / Allies) ErPf3000: 200
(13:56 / Allies) learnhuman: mass bats
(13:59 / Allies) learnhuman: build towers
(15:57 / Allies) ErPf3000: jajaja
(16:02 / Allies) ErPf3000: look  wiwowwç!
(16:42 / All) ErPf3000: fun
(18:18 / Allies) ErPf3000: look
(18:30 / Allies) ErPf3000: look
(18:32 / Allies) ErPf3000: ^^
(18:33 / Allies) learnhuman: lol
(18:57 / Allies) learnhuman: help 
(18:57 / Allies) learnhuman: pls
(19:07 / Allies) ErPf3000: !!
(19:08 / All) ErPf3000: gg
(19:24 / All) ErPf3000: zzzz
(19:29 / All) FFA_TWO: yes you're a sad joke who can't win without undead
(19:42 / All) FFA_TWO: your autocast abilities are amazing
(20:08 / All) HoneyBlunt: gg
(20:26 / All) FFA_TWO: shut up fucking nerd feeder
(20:31 / All) HoneyBlunt: no feed
(21:20 / Allies) ErPf3000: no tp!
(21:21 / Allies) ErPf3000: :/
(24:59 / All) FFA_TWO: yes run to the people you feed fucking nigger
(25:06 / All) HoneyBlunt: no feed
(25:10 / All) ErPf3000: !
(25:20 / All) FFA_TWO: right your entire army is four docs and the ud has 100 food wyrms
(25:27 / All) ErPf3000: yea
(25:33 / All) learnhuman: THE GAME IS FUCKING 50 MIN ALREADY MORON
(25:43 / All) learnhuman: CAUSE YOU TOWERED LIKE A FAG
(25:45 / All) learnhuman: REMEMBER?
(25:52 / All) FFA_TWO: yes pretend you aren't feeding nerds
(26:00 / All) learnhuman: watch replay homo
(26:31 / All) ErPf3000: zz
(27:17 / All) FFA_TWO: so fuckingn sad
(27:24 / All) learnhuman: yes you are
(27:24 / All) FFA_TWO: two losers can't do shit without the ud saving them
(27:41 / All) learnhuman: right except your base was gone 45 min ago 
(27:43 / All) learnhuman: moron
(27:53 / All) FFA_TWO: that has no relevance you fucking  idiot
(27:57 / All) learnhuman: guess you didnt have enough toweers
(28:16 / All) learnhuman: next time make a few more
(28:17 / All) FFA_TWO: typical 3s niggers like
(28:19 / All) learnhuman: seems to be working well
(28:24 / All) FFA_TWO: "k u be ud and will let yuou carry us"
(28:26 / All) HoneyBlunt: shhh
(28:26 / All) learnhuman: typical noob towering douche
(28:36 / All) FFA_TWO: you woudn't be able to do this
(29:35 / All) FFA_TWO: fucking ud is so bad his only kills are from webbed units
(29:52 / All) learnhuman: you are so bad your base was destroyed 45 min ago
(30:05 / All) FFA_TWO: your base is dead too champ
(30:29 / All) FFA_TWO: oh boy autocast gives you another unearned kill
(30:43 / All) learnhuman: oh boy another tower
(31:06 / All) HoneyBlunt: like we havent seen this gay strat before
(31:10 / All) HoneyBlunt: hey lets mass tower
(31:12 / All) FFA_TWO: gogo attack move 100 wyrms fiends
(31:15 / All) FFA_TWO: oh look
(31:16 / All) FFA_NINE: or wait
(31:17 / All) HoneyBlunt: toer our own bases and be gay
(31:19 / All) FFA_TWO: ots honey blunt
(31:23 / All) FFA_TWO: 50% 5000 game trash who is gettinv carried
(31:30 / All) HoneyBlunt: tower nooob
(31:32 / All) FFA_TWO: typical sad fuck who just sits around feeding his undead ally
(31:35 / All) FFA_NINE: 3 50% players getting lucky
(31:38 / All) HoneyBlunt: no feed
(31:48 / All) learnhuman: sad you just lost to 3 50% players
(31:56 / All) FFA_TWO: Lost to undead being overpowered
(31:57 / All) learnhuman: guess more towers next time
(32:00 / All) FFA_TWO: it happens
(32:07 / All) FFA_TWO: which is why trash like you pick ud
(34:34 / All) HoneyBlunt: this si where ur best, in a base, micro 1 unit mass towers. whooo ur leet
(34:45 / All) FFA_TWO: as opposed to
(34:47 / All) FFA_NINE: you're a 50% rt player
(35:04 / All) FFA_TWO: ":feed uindead ally for 100 food wyrms and fiends"
(35:06 / All) ErPf3000: gg
(35:15 / All) learnhuman: no feed moron
(35:17 / All) learnhuman: try again
(35:19 / All) HoneyBlunt: no feed present
(35:34 / All) FFA_TWO: oh ok just two nerds having the undead win the game for them becauise they are terrible
(35:43 / All) FFA_TWO: getting excited that they are one win above 50% now
(35:45 / All) learnhuman: yeah and you just lost to us
(35:55 / All) HoneyBlunt: gg
(35:55 / All) FFA_TWO: yes even trash who pick orc undead get lucky sometimes
(36:00 / All) FFA_TWO: enjoy your 5000 game 50% record
(36:00 / All) HoneyBlunt: sorry u didnt take it well